 Dungeon Crawl Stone Soup version 0.29.1-2-gbd0b4ee654 (webtiles) character file.

Game seed: 16911690960122214137

163 Acheron the Poker (level 5, 0/40 HPs)
             Began as a Human Wanderer on Oct 29, 2022.
             Was an Initiate of Nemelex Xobeh.
             Slain by an endoplasm (2 damage)
             ... on level 4 of the Dungeon.
             The game lasted 00:12:03 (3050 turns).

Acheron the Poker (Human Wanderer)                  Turns: 3050, Time: 00:12:03

Health: 0/40       AC:  6    Str: 18    XL:     5   Next: 73%
Magic:  6/7        EV: 10    Int: 16    God:    Nemelex Xobeh [......]
Gold:   95         SH:  0    Dex: 13    Spells: 6/6 levels left

rFire   . . .      SeeInvis .   a - +2 falchion
rCold   . . .      Faith    .   (no shield)
rNeg    . . .      Spirit   .   m - +0 scale mail
rPois   .          Reflect  .   h - +0 hat
rElec   +          Harm     .   (no cloak)
rCorr   .          Rampage  .   (no gloves)
Will    .....                   (no boots)
Stlth   +.........              (no amulet)
HPRegen 0.13/turn               f - ring "Tohid" {Fly rElec Str-2 Int+4}
MPRegen 0.10/turn               t - +6 ring of strength

@: flying
A: no striking features
a: Renounce Religion, Draw Escape, Draw Destruction, Draw Summoning


You were on level 4 of the Dungeon.
You worshipped Nemelex Xobeh.
Nemelex Xobeh was noncommittal.
You visited 2 branches of the dungeon, and saw 6 of its levels.

You collected 95 gold pieces.

Inventory:

Hand Weapons
 a - a +2 falchion (weapon)
 b - a +0 spear
 r - a +0 war axe
Missiles
 l - 3 poisoned darts (quivered)
Armour
 h - a +0 hat (worn)
 m - a +0 scale mail (worn)
Jewellery
 f - the ring "Tohid" (left hand) {Fly rElec Str-2 Int+4}
   (You acquired it on level 4 of the Dungeon)

   [ring of flight]

   Str:       It affects your strength (-2).
   Int:       It affects your intelligence (+4).
   rElec:     It insulates you from electricity.
   Fly:       It grants you flight.
 k - a ring of protection from fire
 t - a +6 ring of strength (right hand)
Scrolls
 c - a scroll of enchant armour {unknown}
 d - a scroll of fog
 e - a scroll of blinking
 i - 2 scrolls of identify {unknown}
Potions
 j - a potion of cancellation {unknown}
 n - a potion of degeneration {unknown}
 o - a potion of ambrosia {unknown}
 p - a potion of resistance {unknown}
 s - 4 potions of brilliance {unknown}


   Skills:
 * Level 2.8 Fighting
 + Level 3.8 Long Blades
 - Level 4.0 Polearms
 * Level 1.1 Throwing
 * Level 1.2 Armour
 * Level 1.5 Dodging
 * Level 2.2 Stealth
 * Level 1.3 Spellcasting


You had 6 spell levels left.
You didn't know any spells.
Your spell library contained the following spells:

 Spells                   Type           Power      Damage    Failure   Level
 Apportation              Tloc           2%         N/A       58%         1
 Necrotise                Necr           4%         1d4       58%         1
 Summon Small Mammal      Summ           4%         N/A       58%         1
 Inner Flame              Hex/Fire       1%         N/A       91%         3
 Cause Fear               Hex            0%         N/A       100%        4
 Discord                  Hex            0%         N/A       100%        8


Dungeon Overview and Level Annotations

Branches:
Dungeon (5/15)             Temple (1/1) D:4

Altars:
Ashenzari
Cheibriados
Dithmenos
Elyvilon
Hepliaklqana
Kikubaaqudgha
Makhleb
Nemelex Xobeh
Okawaru
Qazlal
Ru
Sif Muna
Trog
Uskayaw
Vehumet
Yredelemnul
Zin
The Shining One


Message History

You hit the iguana but do no damage. The iguana bites you.
You hit the iguana but do no damage. The iguana bites you.
You hit the iguana but do no damage. The iguana bites you.
You closely miss the iguana. The iguana barely misses you.
You hit the iguana.
The iguana is moderately wounded.
The endoplasm jiggles.
The iguana misses you.
You hit the iguana.
The iguana is moderately wounded.
The iguana barely misses you. The iguana misses you.
You hit the iguana.
The iguana is heavily wounded.
The iguana barely misses you.
You hit the iguana but do no damage.
The iguana is heavily wounded.
The iguana bites you!
You closely miss the iguana.
The iguana is heavily wounded.
The iguana closely misses you.
You hit the iguana but do no damage.
The iguana is heavily wounded.
The iguana bites you.
You hit the iguana.
The iguana is severely wounded.
The iguana bites you.
You closely miss the iguana.
The iguana is severely wounded.
The iguana bites you!
* * * LOW HITPOINT WARNING * * *
You hit the iguana.
You kill the iguana!
The endoplasm jiggles.
You barely miss the endoplasm. The endoplasm freezes you.
You are frozen.
* * * LOW HITPOINT WARNING * * *
You hit the endoplasm but do no damage. The endoplasm hits you.
You die...
Your body disappears without a glow.

#.........♣ ....
+.........♣ ...
#.........# ...
##.......## ..#
##..)..## #.#
##...## #>#
##'.#### #J#
#....... #@#
##.##.##. #.##
#........ #.#.##
#..##.#..
#.###.###
#.....#.# #.#
##..#####.##....
##
#.#..........##.
#.########..#....
#.# #..#.#.# ##
#....#..


You could see an endoplasm.

Vanquished Creatures
  An orc priest (D:4)
  An iguana (D:4)
  2 gnolls
  An adder (D:3)
  A dart slug (D:4)
  3 orcs
  3 bats
  8 endoplasms
  3 giant cockroaches
  6 goblins
  8 hobgoblins
  9 jackals
  4 kobolds
  5 quokkas
  2 ball pythons
  4 frilled lizards
  7 rats
68 creatures vanquished.

Vanquished Creatures (others)
  91 plants
91 creatures vanquished.

Grand Total: 159 creatures vanquished

Notes
Turn   | Place    | Note
-------+----------+-------------------------------------------
     0 | D:1      | Acheron the Human Wanderer began the quest for the Orb.
     0 | D:1      | Acheron set off with the following items: a +2 falchion, a
                  | +0 spear, a +0 helmet, a scroll of fog, a +0 robe.
     0 | D:1      | Reached XP level 1. HP: 16/16 MP: 1/1
   115 | D:1      | Reached XP level 2. HP: 22/22 MP: 2/2
   138 | D:1      | Reached XP level 3. HP: 11/27 MP: 3/3
   533 | D:1      | Reached skill level 1 in Dodging
   598 | D:1      | Reached skill level 1 in Spellcasting
   719 | D:2      | Found a faded altar of an unknown god.
   950 | D:3      | Reached XP level 4. HP: 31/34 MP: 5/5
  1355 | D:5      | Entered Level 5 of the Dungeon
  1760 | D:3      | Found a hide-covered altar of Uskayaw.
  2040 | D:4      | Identified a scroll of acquirement
  2040 | D:4      | Acquired the ring "Tohid" {Fly rElec Str-2 Int+4}
  2641 | D:4      | Reached XP level 5. HP: 21/39 MP: 6/6
  2836 | D:4      | Found a staircase to the Ecumenical Temple.
  2842 | Temple   | Entered the Ecumenical Temple
  2853 | Temple   | Became a worshipper of Nemelex Xobeh the Trickster
  2884 | D:4      | Reached skill level 1 in Throwing
  2884 | D:4      | Reached skill level 1 in Armour
  3049 | D:4      | HP: 1/40 [frozen (5)]
  3050 | D:4      | Slain by an endoplasm

Illustrated notes

Levels and vault maps discovered:
D:1:      roderic_crop_circles_arrival_small, layout_loops_ring, serial_glass,
          glass_columns_a, glass_columns_b, minmay_vboxes
D:2:      layout_rooms, basic_ecumenical_altar, chequers_serial_rivers_micro_d,
          minmay_tiny_reverse_x
D:3:      layout_basic, nicolae_uskayaw_dance_hall, serial_bayou_pond_b
D:4:      layout_loops_corners, kennysheep_mini, minmay_temple_entry_ruins,
          serial_forest, infiniplex_forest_straight_1,
          infiniplex_forest_clump_long, infiniplex_forest_straight_3,
          infiniplex_forest_clump_large, infiniplex_forest_lined_2,
          infiniplex_forest_straight_2, infiniplex_forest_clump_double,
          infiniplex_forest_lined_1, minmay_snake_closets, uniq_duvessa
D:5:      layout_cave_pools
Temple:   sentei_temple_godly_chess

Skill      XL: |  1  2  3  4  5 |
---------------+----------------+-----
Dodging        | 1 |  1.5
Spellcasting   | 1 |  1.3
Stealth        | 2 |  2.2
Throwing       | 1 |  1.1
Armour         | 1 |  1.2
Fighting       | |  2.8
Long Blades    | |  3.8
Polearms       | |  4.0

Action                   |  1- 3 |  4- 6 || total
-------------------------+-------+-------++-------
Melee: Falchion          |    95 |   104 ||   199
       Punch             |     1 |       ||     1
  Use: Scroll            |       |     3 ||     3
 Stab: Sleeping          |     1 |     2 ||     3
       Distracted        |     1 |       ||     1
Armor: Robe              |    12 |       ||    12
       Ring mail         |    17 |    19 ||    36
       Scale mail        |       |    11 ||    11
Dodge: Dodged            |    44 |    53 ||    97
